 Dungeon Crawl Stone Soup version 0.28.0 (webtiles) character file.

Game seed: 12846416704497374054

38 browni3141 the Chopper (level 3, 0/33 HPs)
             Began as a Minotaur Berserker on Feb 18, 2022.
             Was a Follower of Trog.
             Succumbed to a kobold's poison
             ... on level 2 of the Dungeon.
             The game lasted 00:00:33 (1470 turns).

browni3141 the Chopper (Minotaur Berserker)         Turns: 1470, Time: 00:00:34

Health: 0/33       AC:  2    Str: 23    XL:     3   Next: 25%
Magic:  2/2        EV: 12    Int:  4    God:    Trog [*.....]
Gold:   53         SH:  0    Dex:  9    Spells: 2/2 levels left

rFire   . . .      SeeInvis .   a - +0 hand axe
rCold   . . .      Faith    .   (no shield)
rNeg    . . .      Spirit   .   b - +0 animal skin
rPois   .          Reflect  .   (helmet restricted)
rElec   .          Harm     .   (no cloak)
rCorr   .          Rampage  .   (no gloves)
Will    .....                   (no boots)
Stlth   +.........              (no amulet)
HPRegen 0.11/turn               (no ring)
MPRegen 0.08/turn               (no ring)

@: lethally poisoned (0 -> -17)
A: horns 2, retaliatory headbutt
a: Renounce Religion, Berserk


You were on level 2 of the Dungeon.
You worshipped Trog.
Trog was aware of your devotion.
You visited 1 branch of the dungeon, and saw 2 of its levels.

You collected 53 gold pieces.


Innate Abilities, Weirdness & Mutations

You have a pair of horns on your head.
You reflexively headbutt those who attack you in melee.


   Skills:
 + Level 4.1 Fighting
 * Level 4.5 Axes
 + Level 3.0 Armour
 - Level 2.1 Dodging


You had 2 spell levels left.
You didn't know any spells.
Your spell library was empty.

Inventory:

Hand Weapons
 a - a +0 hand axe (weapon)
Armour
 b - a +0 animal skin (worn)
Scrolls
 c - a scroll of blinking {unknown}
 e - a scroll of amnesia {unknown}
 f - 2 scrolls of identify {unknown}
 j - a scroll of fog {unknown}
Potions
 d - a potion of berserk rage {unknown}
 g - a potion of brilliance {unknown}
 h - a potion of haste {unknown}
 i - a potion of resistance {unknown}
 k - a potion of might {unknown}

Dungeon Overview and Level Annotations

Branches:
Dungeon (2/15)

Altars:

......... #.......#
#.......# ### )..
......... #.. ...
#.......# #.# #.#
##.......# #.#
#.###........# #.#
#.##.g@## #.#
#.#.)†..# #.#
#.#..J..#
#######.###.#.....#
#.........<..#..)##
#.####.####..##.##
#.# #.# #.....# ##
#.# #.# ##.##.#####
#. #.# #.#
#..<.....# #.


You could see an endoplasm and a hobgoblin.


Message History

The bat hits you.
You hit the kobold.
The kobold is moderately wounded.
You hit the bat.
You feel very sick. The bat barely misses you. You furiously retaliate!
You headbutt the bat!
You kill the bat!
Trog accepts your kill. The kobold closely misses you.
You closely miss the kobold. Your headbutt misses the kobold.
The kobold is moderately wounded.
You hit the endoplasm.
You feel sick. The endoplasm misses you.
The kobold hits you with a +0 short sword of venom.
You are more poisoned.
You feel very sick. The endoplasm misses you.
The kobold hits you with a +0 short sword of venom.
* * * LOW HITPOINT WARNING * * *
You are lethally poisoned!
You see here a bat corpse.
You closely miss the kobold. You headbutt the kobold.
You kill the kobold!
Trog accepts your kill.
You hit the endoplasm but do no damage. You closely miss the hobgoblin.
* * * LOW HITPOINT WARNING * * *
You feel very sick. The hobgoblin hits you.
* * * LOW HITPOINT WARNING * * *
The endoplasm barely misses you. The hobgoblin closely misses you.
You die...

Skill      XL: |  1  2 |
---------------+-------+-----
Axes           | 4 |  4.5
Fighting       | 4 |  4.1
Armour         | 3 |  3.0
Dodging        | |  2.1

Action                   || total
-------------------------++-------
Melee: Hand axe          ||    40
       Punch             ||     1
       Headbutt          ||     3
 Stab: Sleeping          ||     1
Armor: Animal skin       ||     7
Dodge: Dodged            ||    26

Levels and vault maps discovered:
D:1:      dpeg_arrival_solitude, layout_basic,
          ebering_ecumenical_altar_sacrificial
D:2:      layout_loops_ring, serial_shops, shop

Notes
Turn   | Place    | Note
-------+----------+-------------------------------------------
     0 | D:1      | browni3141 the Minotaur Berserker began the quest for the
                  | Orb.
     0 | D:1      | Reached XP level 1. HP: 19/19 MP: 0/0
   392 | D:1      | Found a faded altar of an unknown god.
   400 | D:1      | Reached skill level 4 in Axes
   400 | D:1      | Reached XP level 2. HP: 20/27 MP: 1/1
   937 | D:2      | Reached skill level 4 in Fighting
  1056 | D:2      | Reached skill level 3 in Armour
  1056 | D:2      | Reached XP level 3. HP: 8/33 MP: 2/2
  1060 | D:2      | HP: 3/33 [poisoned by an adder]
  1470 | D:2      | Succumbed to a kobold's poison

Vanquished Creatures
  2 adders (D:2)
  2 endoplasms
  3 goblins
  2 hobgoblins (D:1)
  A kobold (D:2)
  2 quokkas (D:2)
  3 ball pythons (D:1)
  3 bats (D:2)
  A rat (D:1)
19 creatures vanquished.

Table legend: (Time is in decaauts)
 A = Elapsed time spent in this place.
 B = Non-inter-level travel time spent in this place.
 C = Inter-level travel time spent in this place.
 D = Time resting spent in this place.
 E = Time spent auto-exploring this place.
 F = Levels seen in this place.
 G = Mean time per level.
                   A        B        C        D        E       F      G
               +--------+--------+--------+--------+--------+-----+--------+
         Total |   1473 |   1419 |     54 |      0 |   1268 |   2 |  736.5 |
       Dungeon |   1473 |   1419 |     54 |      0 |   1268 |   2 |  736.5 |
               +--------+--------+--------+--------+--------+-----+--------+

Top non-repeatable levels by time:
     D:1: 824 daAuts
     D:2: 648 daAuts

Table legend:
 A = Non-vault XP
 B = Vault XP
 C = Vault XP percentage of total XP
 D = Non-vault monster count
 E = Vault monster count
 F = Vault count percentage of total count
                 A         B        C        D         E       F
            +---------+---------+-------+---------+---------+-------
      Total |      55 |       0 |   0.0 |      19 |       0 |   0.0
            +---------+---------+-------+---------+---------+-------
        D:1 |      13 |       0 |   0.0 |       8 |       0 |   0.0
        D:2 |      42 |       0 |   0.0 |      11 |       0 |   0.0
            +---------+---------+-------+---------+---------+-------
